| TOP OF THE 1ST |
|
Aberdeen Ironbirds batting - Pitching for Minnesota (NYP) Twins : LHP Sandy Benitez
|
|
Pitching: LHP Sandy Benitez
|
|
|
Batting: RHB Ryan Bentz
|
0-0: Called Strike 0-1: Foul Ball, location: 2F 0-2: Ground out 4-3 (Groundball, 4, EV 103.1 MPH)
|
|
Batting: LHB Danny Schultz
|
0-0: Fly out, F8 (Flyball, 8LD, EV 76.9 MPH)
|
|
Batting: RHB Chris McGuirk
|
0-0: SINGLE (Groundball, 4MD, EV 107.5 MPH)
|
|
Batting: RHB Luis Roman
|
0-0: Called Strike 0-1: Called Strike 0-2: Foul Ball, location: 2F 0-2: Strikes out swinging
|
| Top of the 1st over - 0 runs, 1 hit, 0 errors, 1 left on base; Aberdeen 0 - Minnesota (NYP) 0 |
| BOTTOM OF THE 1ST |
|
Minnesota (NYP) Twins batting - Pitching for Aberdeen Ironbirds : LHP Jeff Glover
|
|
Pitching: LHP Jeff Glover
|
|
|
Batting: RHB Caleb Bockmann
|
0-0: Ball 1-0: Called Strike 1-1: Ground out 6-3 (Groundball, 6S, EV 86.2 MPH)
|
|
Batting: RHB Fhil Mikrakin
|
0-0: Fly out, F4 (Popup, 23, EV 90.0 MPH)
|
|
Batting: RHB Steve Raine
|
0-0: SINGLE (Groundball, 6D, EV 106.9 MPH)
|
|
Batting: LHB Hector Olvera
|
0-0: Ball Passed Ball! Steve Raine to second 1-0: Foul Ball, location: 2F 1-1: Ground out 6-3 (Groundball, 6M, EV 105.0 MPH)
|
| Bottom of the 1st over - 0 runs, 1 hit, 0 errors, 1 left on base; Aberdeen 0 - Minnesota (NYP) 0 |
| TOP OF THE 2ND |
|
Aberdeen Ironbirds batting - Pitching for Minnesota (NYP) Twins : LHP Sandy Benitez
|
|
Batting: LHB Danny Moreno
|
0-0: Called Strike 0-1: Called Strike 0-2: Foul Ball, location: 2F 0-2: Foul Ball, location: 2F 0-2: Strikes out looking
|
|
Batting: LHB Chris Cohen
|
0-0: Ball 1-0: Reached on error, E1 (Groundball, 15S, EV 68.8 MPH)
|
|
Batting: LHB Chris Barrera
|
0-0: Ball 1-0: Swinging Strike 1-1: Fly out, F8 (Flyball, 78XD, EV 103.1 MPH)
|
|
Batting: RHB Tim Cleary
|
0-0: Fly out, F8 (Line Drive, 8RS, EV 95.0 MPH)
|
| Top of the 2nd over - 0 runs, 0 hits, 1 error, 1 left on base; Aberdeen 0 - Minnesota (NYP) 0 |
| BOTTOM OF THE 2ND |
|
Minnesota (NYP) Twins batting - Pitching for Aberdeen Ironbirds : LHP Jeff Glover
|
|
Batting: RHB David McClellan
|
0-0: Called Strike 0-1: Ball 1-1: Ground out 6-3 (Groundball, 6, EV 88.8 MPH)
|
|
Batting: RHB Chris Bejarano
|
0-0: Fly out, F8 (Flyball, 8RM, EV 85.6 MPH)
|
|
Batting: LHB Ben Roth
|
0-0: Called Strike 0-1: Fly out, F5 (Popup, 25F, EV 86.9 MPH)
|
| Bottom of the 2nd over - 0 runs, 0 hits, 0 errors, 0 left on base; Aberdeen 0 - Minnesota (NYP) 0 |
| TOP OF THE 3RD |
|
Aberdeen Ironbirds batting - Pitching for Minnesota (NYP) Twins : LHP Sandy Benitez
|
|
Batting: LHB Ivan Alvarez
|
0-0: Swinging Strike 0-1: Ball 1-1: Called Strike 1-2: Ball 2-2: Strikes out swinging
|
|
Batting: RHB Ryan Bentz
|
0-0: Hit by Pitch
|
|
Batting: LHB Danny Schultz
|
0-0: Called Strike 0-1: Ball Ryan Bentz steals 2nd base 1-1: Ball 2-1: Called Strike 2-2: Foul Ball, location: 2F 2-2: Strikes out swinging
|
|
Batting: RHB Chris McGuirk
|
0-0: Swinging Strike 0-1: Ball 1-1: Ground out 4-3 (Groundball, 34, EV 93.1 MPH)
|
| Top of the 3rd over - 0 runs, 0 hits, 0 errors, 1 left on base; Aberdeen 0 - Minnesota (NYP) 0 |
| BOTTOM OF THE 3RD |
|
Minnesota (NYP) Twins batting - Pitching for Aberdeen Ironbirds : LHP Jeff Glover
|
|
Batting: LHB Jose Hilario
|
0-0: Called Strike 0-1: Foul Ball, location: 2F 0-2: Strikes out looking
|
|
Batting: SHB Juan Aguilar
|
0-0: Ball 1-0: Ball 2-0: Ball 3-0: Called Strike 3-1: Base on Balls
|
|
Batting: RHB Caleb Bockmann
|
0-0: Ball 1-0: Called Strike 1-1: Fly out, F8 (Flyball, 78M, EV 88.1 MPH)
|
|
Batting: RHB Fhil Mikrakin
|
0-0: Swinging Strike 0-1: Ball 1-1: Ball 2-1: Foul Ball, location: 2F 2-2: Ball 3-2: Ground out 6-3 (Groundball, 6, EV 81.2 MPH)
|
| Bottom of the 3rd over - 0 runs, 0 hits, 0 errors, 1 left on base; Aberdeen 0 - Minnesota (NYP) 0 |
| TOP OF THE 4TH |
|
Aberdeen Ironbirds batting - Pitching for Minnesota (NYP) Twins : LHP Sandy Benitez
|
|
Batting: RHB Luis Roman
|
0-0: Ball 1-0: Ground out 5-3 (Groundball, 56, EV 79.4 MPH)
|
|
Batting: LHB Danny Moreno
|
0-0: Called Strike 0-1: Ground out 5-3 (Groundball, 6, EV 81.9 MPH)
|
|
Batting: LHB Chris Cohen
|
0-0: Foul Ball, location: 2F 0-1: Ball 1-1: Called Strike 1-2: Ball 2-2: Strikes out swinging
|
| Top of the 4th over - 0 runs, 0 hits, 0 errors, 0 left on base; Aberdeen 0 - Minnesota (NYP) 0 |
| BOTTOM OF THE 4TH |
|
Minnesota (NYP) Twins batting - Pitching for Aberdeen Ironbirds : LHP Jeff Glover
|
|
Batting: RHB Steve Raine
|
0-0: Called Strike 0-1: Called Strike 0-2: Ball 1-2: Foul Ball, location: 2F 1-2: SINGLE (Groundball, 34D, EV 95.6 MPH)
|
|
Batting: LHB Hector Olvera
|
0-0: Swinging Strike 0-1: Called Strike 0-2: Strikes out looking
|
|
Batting: RHB David McClellan
|
0-0: Ball 1-0: Foul Ball, location: 2F 1-1: Swinging Strike 1-2: Foul Ball, location: 2F Pickoff Throw to First - Out! 1-3 CS 1-2: Ball 2-2: DOUBLE (Groundball, 5L, EV 98.1 MPH)
|
|
Batting: RHB Chris Bejarano
|
0-0: Swinging Strike 0-1: Called Strike 0-2: Ball 1-2: TRIPLE (Flyball, 78XD, EV 110.0 MPH) David McClellan scores
|
|
Batting: LHB Ben Roth
|
0-0: Ball 1-0: Ball 2-0: Foul Ball, location: 2F 2-1: Swinging Strike 2-2: Ball 3-2: Ground out 1-3 (Groundball, 13S, EV 70.6 MPH)
|
| Bottom of the 4th over - 1 run, 3 hits, 0 errors, 1 left on base; Aberdeen 0 - Minnesota (NYP) 1 |
| TOP OF THE 5TH |
|
Aberdeen Ironbirds batting - Pitching for Minnesota (NYP) Twins : LHP Sandy Benitez
|
|
Batting: LHB Chris Barrera
|
0-0: SINGLE (Groundball, 34D, EV 101.9 MPH)
|
|
Batting: RHB Tim Cleary
|
0-0: Foul Ball, location: 2F 0-1: Ball 1-1: Ball 2-1: Ball 3-1: Fly out, F7 (Flyball, 7D, EV 109.4 MPH)
|
|
Batting: LHB Ivan Alvarez
|
0-0: Ball 1-0: Called Strike 1-1: Ball 2-1: SINGLE (Groundball, 34D, EV 111.2 MPH) Chris Barrera to second Runner from 2nd tries for 3rd, SAFE, throw by RF made at trailing runner, OUT! 9-6
|
|
Batting: RHB Ryan Bentz
|
0-0: SINGLE (Groundball, 6MD, EV 99.4 MPH) Chris Barrera scores
|
|
Batting: LHB Danny Schultz
|
0-0: Ball Ryan Bentz is caught stealing 2nd base 2-6
|
| Top of the 5th over - 1 run, 3 hits, 0 errors, 0 left on base; Aberdeen 1 - Minnesota (NYP) 1 |
| BOTTOM OF THE 5TH |
|
Minnesota (NYP) Twins batting - Pitching for Aberdeen Ironbirds : LHP Jeff Glover
|
|
Batting: LHB Jose Hilario
|
0-0: Ground out 4-3 (Groundball, 34, EV 86.2 MPH)
|
|
Batting: SHB Juan Aguilar
|
0-0: Ball 1-0: Ball 2-0: Ball 3-0: Base on Balls
|
|
Batting: RHB Caleb Bockmann
|
0-0: Ball 1-0: Ball 2-0: Ball 3-0: Base on Balls Juan Aguilar to second
|
|
Batting: RHB Fhil Mikrakin
|
0-0: Foul Ball, location: 2F 0-1: Called Strike 0-2: Foul Ball, location: 2F 0-2: Ball 1-2: Foul Ball, location: 2F 1-2: Fielders Choice at 2nd, 5-4 (Groundball, 5, EV 76.9 MPH) Juan Aguilar to third
|
|
Batting: RHB Steve Raine
|
0-0: Foul Ball, location: 2F 0-1: Fly out, F7 (Flyball, 78M, EV 95.0 MPH)
|
| Bottom of the 5th over - 0 runs, 0 hits, 0 errors, 2 left on base; Aberdeen 1 - Minnesota (NYP) 1 |
| TOP OF THE 6TH |
|
Aberdeen Ironbirds batting - Pitching for Minnesota (NYP) Twins : LHP Sandy Benitez
|
|
Batting: LHB Danny Schultz
|
0-0: Ball 1-0: Ball 2-0: Called Strike 2-1: Called Strike 2-2: Foul Ball, location: 2F 2-2: Strikes out looking
|
|
Batting: RHB Chris McGuirk
|
0-0: Called Strike 0-1: Foul Ball, location: 2F 0-2: Ground out 4-3 (Groundball, 4, EV 92.5 MPH)
|
|
Batting: RHB Luis Roman
|
0-0: Ball 1-0: Swinging Strike 1-1: Foul Ball, location: 2F 1-2: Fly out, F8 (Flyball, 8RXD, EV 103.8 MPH)
|
| Top of the 6th over - 0 runs, 0 hits, 0 errors, 0 left on base; Aberdeen 1 - Minnesota (NYP) 1 |
| BOTTOM OF THE 6TH |
|
Minnesota (NYP) Twins batting - Pitching for Aberdeen Ironbirds : LHP Jeff Glover
|
|
Batting: LHB Hector Olvera
|
0-0: Ball 1-0: Ground out 1-3 (Groundball, P, EV 69.4 MPH)
|
|
Batting: RHB David McClellan
|
0-0: Ball 1-0: Ball 2-0: Fly out, F9 (Flyball, 9, EV 92.5 MPH)
|
|
Batting: RHB Chris Bejarano
|
0-0: Ball 1-0: Called Strike 1-1: Ball 2-1: Foul Ball, location: 2F 2-2: Ball 3-2: SINGLE (Groundball, 25, EV 72.5 MPH) (infield hit)
|
|
Batting: LHB Ben Roth
|
0-0: Called Strike 0-1: Ball Chris Bejarano is caught stealing 2nd base 2-6
|
| Bottom of the 6th over - 0 runs, 1 hit, 0 errors, 0 left on base; Aberdeen 1 - Minnesota (NYP) 1 |
| TOP OF THE 7TH |
|
Aberdeen Ironbirds batting - Pitching for Minnesota (NYP) Twins : LHP Sandy Benitez
|
|
Batting: LHB Danny Moreno
|
0-0: Called Strike 0-1: Foul Ball, location: 2F 0-2: Foul Ball, location: 2F 0-2: Ball 1-2: Ground out 1-3 (Groundball, 34S, EV 67.5 MPH)
|
|
Batting: LHB Chris Cohen
|
0-0: Ball 1-0: Foul Ball, location: 2F 1-1: Ball 2-1: Ground out U3 (Groundball, 3, EV 106.2 MPH)
|
|
Batting: LHB Chris Barrera
|
0-0: Called Strike 0-1: Ball 1-1: Foul Ball, location: 2F 1-2: Fly out, F7 (Flyball, 78S, EV 93.1 MPH)
|
| Top of the 7th over - 0 runs, 0 hits, 0 errors, 0 left on base; Aberdeen 1 - Minnesota (NYP) 1 |
| BOTTOM OF THE 7TH |
|
Minnesota (NYP) Twins batting - Pitching for Aberdeen Ironbirds : LHP Jeff Glover
|
|
Batting: LHB Ben Roth
|
0-0: Ball 1-0: Ball 2-0: Ball 3-0: Foul Ball, location: 2F 3-1: Base on Balls
|
|
Batting: LHB Jose Hilario
|
0-0: Fielders Choice at 2nd, 4-6 (Groundball, 4, EV 83.8 MPH)
|
|
Batting: SHB Juan Aguilar
|
0-0: Ball 1-0: Ball 2-0: Ball 3-0: Called Strike 3-1: Base on Balls Jose Hilario to second
|
|
Batting: RHB Caleb Bockmann
|
0-0: SINGLE (Groundball, 5, EV 105.6 MPH) (infield hit) Jose Hilario to third Juan Aguilar to second
|
|
Batting: RHB Fhil Mikrakin
|
0-0: Ball Passed Ball! Jose Hilario scores Juan Aguilar to third Caleb Bockmann to second 1-0: Swinging Strike 1-1: SINGLE (Groundball, 56D, EV 101.2 MPH) Juan Aguilar scores Caleb Bockmann to third
|
|
Batting: RHB Steve Raine
|
0-0: Ball 1-0: Swinging Strike 1-1: Ball Fhil Mikrakin steals 2nd base 2-1: Intentional Walk
|
|
Pitching: RHP Rich Hensley
|
|
|
Batting: LHB Hector Olvera
|
0-0: Called Strike 0-1: Foul Ball, location: 2F 0-2: Strikes out swinging
|
|
Batting: RHB David McClellan
|
0-0: Hit by Pitch Caleb Bockmann scores Fhil Mikrakin to third Steve Raine to second
|
|
Batting: RHB Chris Bejarano
|
0-0: Swinging Strike 0-1: Swinging Strike 0-2: Ground out 4-3 (Groundball, 4, EV 78.8 MPH)
|
| Bottom of the 7th over - 3 runs, 2 hits, 0 errors, 3 left on base; Aberdeen 1 - Minnesota (NYP) 4 |
| TOP OF THE 8TH |
|
Aberdeen Ironbirds batting - Pitching for Minnesota (NYP) Twins : LHP Sandy Benitez
|
|
Pitching: RHP Takeshi Kusanagi
|
|
|
Batting: RHB Tim Cleary
|
0-0: Ball 1-0: Ball 2-0: Foul Ball, location: 2F 2-1: DOUBLE (Line Drive, 78D, EV 107.5 MPH)
|
|
Batting: LHB Ivan Alvarez
|
0-0: Called Strike 0-1: Called Strike 0-2: Strikes out swinging
|
|
Pinch Hitting: LHB Jeremy Nuzzo
|
0-0: SINGLE (Groundball, 23, EV 75.0 MPH) (infield hit) Tim Cleary to third
|
|
Batting: LHB Danny Schultz
|
0-0: Called Strike 0-1: Ball 1-1: Ball 2-1: Called Strike 2-2: Ball 3-2: Strikes out swinging
|
|
Batting: RHB Chris McGuirk
|
0-0: Ground out 1-3 (Groundball, 25, EV 67.5 MPH)
|
| Top of the 8th over - 0 runs, 2 hits, 0 errors, 2 left on base; Aberdeen 1 - Minnesota (NYP) 4 |
| BOTTOM OF THE 8TH |
|
Minnesota (NYP) Twins batting - Pitching for Aberdeen Ironbirds : RHP Rich Hensley
|
|
Now in LF: Jeremy Nuzzo
|
|
|
Batting: LHB Ben Roth
|
0-0: Swinging Strike 0-1: Swinging Strike 0-2: Foul Ball, location: 2F 0-2: Ball 1-2: Strikes out swinging wild pitch, reaches first!
|
|
Batting: LHB Jose Hilario
|
0-0: Called Strike 0-1: Sac Bunt to 2L - play at first, batter OUT! 2-3 Ben Roth to second
|
|
Batting: SHB Juan Aguilar
|
0-0: Ball 1-0: Foul Ball, location: 2F 1-1: Ball Wild Pitch! Ben Roth to third 2-1: Ground out 6-3 (Groundball, 6, EV 103.8 MPH) Ben Roth scores
|
|
Batting: RHB Caleb Bockmann
|
0-0: Called Strike 0-1: Ball 1-1: Ground out 6-3 (Groundball, 6, EV 82.5 MPH)
|
| Bottom of the 8th over - 1 run, 0 hits, 0 errors, 0 left on base; Aberdeen 1 - Minnesota (NYP) 5 |
| TOP OF THE 9TH |
|
Aberdeen Ironbirds batting - Pitching for Minnesota (NYP) Twins : RHP Takeshi Kusanagi
|
|
Batting: RHB Luis Roman
|
0-0: Ball 1-0: Foul Ball, location: 2F 1-1: Called Strike 1-2: Foul Ball, location: 2F 1-2: Foul Ball, location: 2F 1-2: Strikes out looking
|
|
Batting: LHB Danny Moreno
|
0-0: Foul Ball, location: 2F 0-1: Foul Ball, location: 2F 0-2: Foul Ball, location: 2F 0-2: Foul Ball, location: 2F 0-2: Ball 1-2: Strikes out looking
|
|
Batting: LHB Chris Cohen
|
0-0: Called Strike 0-1: Ball 1-1: Foul Ball, location: 2F 1-2: Fly out, F9 (Flyball, 89S, EV 93.8 MPH)
|
| Top of the 9th over - 0 runs, 0 hits, 0 errors, 0 left on base; Aberdeen 1 - Minnesota (NYP) 5 |
|